 Dungeon Crawl Stone Soup version 0.23.2-33-g5129a83184 (webtiles) character file.

Game seed: 9778694534063816904

2047 Jaz the Cleaver (level 9, 0/124 HPs)
             Began as a Hill Orc Berserker on June 27, 2019.
             Was an Elder of Trog.
             Succumbed to an orc priest's poison
             ... on level 6 of the Dungeon.
             The game lasted 00:14:30 (6441 turns).

Jaz the Cleaver (Hill Orc Berserker)                Turns: 6441, Time: 00:14:30

Health: 0/124      AC:  8    Str: 28    XL:     9   Next: 24%
Magic:  11/12      EV:  9    Int:  7    God:    Trog [****..]
Gold:   377        SH:  0    Dex: 10    Spells: 8/8 levels left

rFire    . . .     SeeInvis .   a - +0 hand axe
rCold    + . .     Gourm    .   (no shield)
rNeg     . . .     Faith    .   o - +0 chain mail {rC+}
rPois    .         Spirit   .   (no helmet)
rElec    .         Reflect  .   t - scarf {repulsion}
rCorr    +         Harm     .   (no gloves)
MR       .....                  (no boots)
Stlth    ..........             G - amulet of the acrobat
HPRegen  0.30/turn              H - ring of resist corrosion
MPRegen  0.13/turn              (no ring)

@: berserking, lethally poisoned (0 -> -10), starving, repel missiles, very
quick
A: no striking features
a: Berserk, Trog's Hand, Brothers in Arms, Renounce Religion


You were on level 6 of the Dungeon.
You worshipped Trog.
Trog was greatly pleased with you.
You were starving.

You visited 1 branch of the dungeon, and saw 6 of its levels.

You collected 377 gold pieces.

Inventory:

Hand Weapons
 a - a +0 hand axe (weapon)
 r - a +3 dire flail of freezing
 C - a +0 flail of protection
Armour
 e - a +0 large shield
 f - a +0 shield
 o - a +0 chain mail of cold resistance (worn)
 t - a scarf of repulsion (worn)
Jewellery
 g - an uncursed amulet of regeneration
 G - an amulet of the acrobat (around neck)
 H - a ring of resist corrosion (left hand)
Wands
 z - a wand of acid (9)
 D - a wand of random effects (10)
Scrolls
 b - 10 scrolls of identify
 i - 2 scrolls of magic mapping
 j - a scroll of noise {unknown}
 n - 6 scrolls of remove curse
 p - 3 scrolls of blinking {unknown}
 u - 4 scrolls of teleportation {unknown}
 v - a scroll of enchant armour {unknown}
 w - 5 scrolls of amnesia {unknown}
 x - 2 scrolls of random uselessness {unknown}
 y - a scroll of immolation {unknown}
 B - a scroll of enchant weapon {unknown}
 J - a scroll of fog {unknown}
Potions
 d - a potion of cancellation
 h - 3 potions of heal wounds
 k - 2 potions of brilliance
 l - a potion of haste
 m - 3 potions of flight
 q - a potion of agility {unknown}
 s - 2 potions of might {unknown}
 A - a potion of mutation {unknown}
 E - 2 potions of invisibility {unknown}
 F - 2 potions of lignification {unknown}
 K - a potion of degeneration {unknown}
Comestibles
 c - 7 rations


   Skills:
 + Level 9.3 Fighting
 + Level 11.5 Axes
 - Level 2.2 Armour
 - Level 1.6 Dodging
 + Level 4.0 Evocations


You had 8 spell levels left.
You didn't know any spells.
Your spell library was empty.

Dungeon Overview and Level Annotations

Branches:
Dungeon (6/15)             Temple (0/1) D:5

Altars:
Elyvilon
Nemelex Xobeh


Message History

You feel yourself moving faster!
You feel mighty!
You are starving!
You feel sick.
The orc warrior hits you but does no damage.
You hit the orc warrior but do no damage.
The orc warrior is heavily wounded.
You feel sick.
The orc warrior hits you with a cursed -3 trident!
* * * LOW HITPOINT WARNING * * *
You completely miss the orc warrior.
The orc warrior is heavily wounded.
* * * LOW HITPOINT WARNING * * *
You feel sick.
You closely miss the orc warrior.
The orc warrior is heavily wounded.
The orc warrior hits you with a cursed -3 trident!
* * * LOW HITPOINT WARNING * * *
You hit the orc warrior but do no damage.
The orc warrior is heavily wounded.
You die...

###### ### #....# #.. #....# #.#
#....# #.. #### #....# ###.#
....## #....### #.... .....##
#..)...#### #.#.# ......#
#..)@#.(..# #.#.. ≈≈....#
#...o#....#######.#.#
≈≈≈...##############..........#..
♣≈≈............#####....#########
≈≈≈..####..###.......##...... ..
≈≈...♣ ##.##..............## ..
....♣♣ #..........#.##....# ..
...♣♣ #####.........##(#..###..
..♣♣ #............###(#...[...


You could see an orc warrior.

Vanquished Creatures
  Edmund (D:5)
  An ice beast (D:5)
  2 sky beasts (D:6)
  2 ogres
  A phantom (D:6)
  3 centaurs
  Blork the orc (D:6)
  A bullfrog (D:5)
  3 scorpions
  4 wights (D:6)
  A crimson imp (D:6)
  A jelly (D:6)
  3 orc priests
  2 bullfrog skeletons
  A hound (D:4)
  2 iguanas (D:4)
  2 orc wizards (D:5)
  3 worker ants (D:4)
  A hound zombie (D:6)
  6 gnolls
  6 adders
  4 shadow imps
  3 oozes
  2 worms
  14 dart slugs
  7 leopard geckos
  6 orcs
  9 bats
  6 giant cockroaches
  11 hobgoblins
  4 jackals
  A quokka (D:6)
  3 ball pythons
  7 frilled lizards
  6 goblins
  10 kobolds
  A quokka skeleton (D:3)
  5 rats
146 creatures vanquished.

Notes
Turn   | Place    | Note
-------+----------+-------------------------------------------
     0 | D:1      | Jaz the Hill Orc Berserker began the quest for the Orb.
     0 | D:1      | Reached XP level 1. HP: 19/19 MP: 1/1
   210 | D:1      | Reached XP level 2. HP: 27/27 MP: 2/2
   413 | D:1      | Reached skill level 5 in Axes
   761 | D:2      | Reached XP level 3. HP: 23/33 MP: 3/3
  1080 | D:2      | Reached skill level 6 in Axes
  1182 | D:2      | Reached XP level 4. HP: 37/40 MP: 4/4
  1224 | D:2      | Reached ** piety under Trog
  2150 | D:3      | Reached skill level 7 in Axes
  2169 | D:3      | Reached XP level 5. HP: 42/46 MP: 5/5
  2844 | D:3      | Reached *** piety under Trog
  3333 | D:4      | Reached XP level 6. HP: 40/53 MP: 6/6
  3536 | D:4      | Reached skill level 8 in Axes
  3624 | D:4      | Reached skill level 5 in Fighting
  4002 | D:4      | Reached XP level 7. HP: 62/62 MP: 7/7
  4009 | D:4      | Reached skill level 9 in Axes
  4301 | D:5      | Entered Level 5 of the Dungeon
  4333 | D:5      | Noticed Edmund
  4349 | D:5      | Killed Edmund
  4482 | D:5      | Reached XP level 8. HP: 45/73 MP: 8/8
  4541 | D:5      | Reached skill level 10 in Axes
  4556 | D:5      | Reached **** piety under Trog
  4648 | D:5      | Found a staircase to the Ecumenical Temple.
  4996 | D:5      | Reached skill level 1 in Evocations
  5493 | D:6      | Reached skill level 11 in Axes
  5618 | D:6      | Found a white marble altar of Elyvilon.
  5661 | D:6      | Reached XP level 9. HP: 76/82 MP: 11/11
  5961 | D:6      | Found a sparkling altar of Nemelex Xobeh.
  6052 | D:6      | Noticed Blork the orc
  6061 | D:6      | Killed Blork the orc
  6440 | D:6      | HP: 1/124 [orc warrior/cursed -3 trident (7)]
  6441 | D:6      | Succumbed to an orc priest's poison

Skill      XL: |  1  2  3  4  5  6  7  8  9 |
---------------+----------------------------+-----
Axes           | 5 6 7 8 9 11 | 11.5
Fighting       | 4 5 7 8 9 |  9.3
Evocations     | 3 4 |  4.0
Armour         | |  2.2
Dodging        | |  1.6

Action                   |  1- 3 |  4- 6 |  7- 9 || total
-------------------------+-------+-------+-------++-------
Melee: Hand axe          |   104 |   310 |   289 ||   703
Invok: Berserk           |     1 |     3 |     6 ||    10
  Use: Scroll            |       |     7 |       ||     7
       Potion            |       |     2 |       ||     2
  Eat: Chunk             |     2 |    11 |     9 ||    22
       Ration            |       |       |     1 ||     1
Armor: Scale mail        |    71 |       |       ||    71
       Chain mail        |       |   198 |   110 ||   308
Dodge: Dodged            |    77 |   134 |    97 ||   308
       Deflected         |       |    27 |    12 ||    39
